 Dungeon Crawl Stone Soup version 0.30-a0-726-gd89dcf765f (webtiles) character file.

Game seed: 12925638074830398012

1353732 Lobster4 the Metallomancer (level 27, 226/226 HPs)
             Began as a Human Conjurer on Jan 28, 2023.
             Was the Champion of Vehumet.
             Escaped with the Orb
             ... and 3 runes on Jan 30, 2023!
             The game lasted 05:20:46 (118510 turns).

Lobster4 the Metallomancer (Human Conjurer)       Turns: 118510, Time: 05:20:46

Health: 226/226    AC: 27    Str: 11    XL:     27
Magic:  74/74      EV: 15    Int: 26    God:    Vehumet [******]
Gold:   1799       SH: 20    Dex: 16    Spells: 20/66 levels left

rFire   + + +      SeeInvis +    Z - +4 falchion of Experimentation {vamp, rElec rC+}
rCold   + + .      Faith    .    K - +1 kite shield of the Past {rN+ Regen+ Int-3}
rNeg    + + .      Spirit   .    C - +1 acid dragon scales
rPois   +          Reflect  +    j - +2 helmet {Int+3}
rElec   +          Harm     .    E - +2 cloak of the Thief {*Fog Slay-2 SInv Stlth+}
rCorr   +          Rampage  .    l - +4 pair of gloves of Gravitas {rF+ MP+9}
Will    +++++                    A - +2 pair of boots
Stlth   +                        W - amulet "Unwupoaj" {Reflect rPois MP+9 Dex+3 SH+5}
HPRegen 1.37/turn                y - ring "Saelidghu" {rF++ Will++ MP+9 Str-2}
MPRegen 0.44/turn                r - ring of Arpheyll {rC+ rN+ Will+}

@: no status effects
A: hooves 1, deterioration 2
0: Orb of Zot
}: 3/15 runes: decaying, silver, gossamer
a: Renounce Religion


You escaped.
You worshipped Vehumet.
Vehumet was exalted by your worship.
You visited 12 branches of the dungeon, and saw 52 of its levels.
You visited 1 bazaar.
You also visited: Trove, Volcano and Wizlab.

You collected 10073 gold pieces.
You spent 8274 gold pieces at shops.

Inventory:

Hand Weapons
 i - the +2 spear "Itzi" {holy, +Blink rF+ rC+ Dex-3}
   (You found it on level 5 of the Dungeon)

   Dex:       It affects your dexterity (-3).
   rF:        It protects you from fire.
   rC:        It protects you from cold.
   +Blink:    It lets you blink.
 m - the +6 short sword of Wiboufut {pain, rPois MP+9 Int+3 Dex-3}
   (You took it off a deep elf zephyrmancer on level 3 of the Elven Halls)

   Int:       It affects your intelligence (+3).
   Dex:       It affects your dexterity (-3).
   rPois:     It protects you from poison.
   MP:        It affects your magic capacity (+9).
 Z - the +4 falchion of Experimentation (weapon) {vamp, rElec rC+}
   (You bought it in a shop on level 2 of the Orcish Mines)

   rC:        It protects you from cold.
   rElec:     It insulates you from electricity.
Missiles
 b - 4 curare-tipped darts (quivered)
 J - 4 throwing nets
Armour
 j - a +2 helmet of intelligence (worn)
 l - the +4 pair of gloves of Gravitas (worn) {rF+ MP+9}
   (You found it on level 3 of the Lair of Beasts)

   rF:        It protects you from fire.
   MP:        It affects your magic capacity (+9).
 A - a +2 pair of boots (worn)
 C - +1 acid dragon scales (worn)
 E - the +2 cloak of the Thief (worn) {*Fog Slay-2 SInv Stlth+}
   (You found it on level 3 of the Crypt)

   *Fog:      It may release a thick cloud of smoke when the wearer is hurt.
   Slay:      It affects your accuracy & damage with ranged weapons and melee
   (-2).
   SInv:      It lets you see invisible.
   Stlth:     It makes you more stealthy.
 K - the +1 kite shield of the Past (worn) {rN+ Regen+ Int-3}
   (You bought it in a shop on level 2 of the Orcish Mines)

   Int:       It affects your intelligence (-3).
   rN:        It protects you from negative energy.
   Regen:     It increases your rate of health regeneration.
Jewellery
 a - the amulet "Mathaipt" {Reflect +Inv rCorr Int+2 SH+5}
   (You found it in a treasure trove)

   [amulet of reflection]

   It reflects blocked missile attacks.
   Int:       It affects your intelligence (+2).
   +Inv:      It lets you turn invisible.
   rCorr:     It protects you from acid and corrosion.
   SH:        It affects your SH (+5).
 o - the ring "Taats" {rElec rN+ Str+4}
   (You took it off an ancient champion on level 3 of the Crypt)

   [ring of positive energy]

   Str:       It affects your strength (+4).
   rElec:     It insulates you from electricity.
   rN:        It protects you from negative energy.
 q - the ring "Sutuf" {rC+ EV+5 Slay+3}
   (You found it on level 3 of the Depths)

   [ring of evasion]

   EV:        It affects your evasion (+5).
   Slay:      It affects your accuracy & damage with ranged weapons and melee
   (+3).
   rC:        It protects you from cold.
 r - the ring of Arpheyll (right hand) {rC+ rN+ Will+}
   (You bought it in a shop on level 4 of the Dungeon)

   [ring of positive energy]

   rC:        It protects you from cold.
   rN:        It protects you from negative energy.
   Will:      It increases your willpower.
 y - the ring "Saelidghu" (left hand) {rF++ Will++ MP+9 Str-2}
   (You took it off Hellbinder in a wizard's laboratory)

   [ring of magical power]

   Str:       It affects your strength (-2).
   rF:        It greatly protects you from fire.
   MP:        It affects your magic capacity (+9).
   Will:      It greatly increases your willpower.
 D - the ring "Gudeno Nukeu" {*Slow Dex+7 Slay+4 Stlth+}
   (You found it in a treasure trove)

   [ring of slaying]

   Dex:       It affects your dexterity (+7).
   Slay:      It affects your accuracy & damage with ranged weapons and melee
   (+4).
   *Slow:     It may slow you when you take damage.
   Stlth:     It makes you more stealthy.
 F - a ring of flight
 R - the ring of Ashenzari's Approval {rF+ rN++ Int+6}
   (You bought it in a shop on level 3 of the Elven Halls)

   [ring of intelligence]

   Int:       It affects your intelligence (+6).
   rF:        It protects you from fire.
   rN:        It greatly protects you from negative energy.
 W - the amulet "Unwupoaj" (around neck) {Reflect rPois MP+9 Dex+3 SH+5}
   (You bought it in a shop on level 1 of the Vaults)

   [amulet of reflection]

   It reflects blocked missile attacks.
   Dex:       It affects your dexterity (+3).
   rPois:     It protects you from poison.
   MP:        It affects your magic capacity (+9).
   SH:        It affects your SH (+5).
Wands
 g - a wand of iceblast (37)
 k - a wand of acid (16)
 T - a wand of digging (12)
 V - a wand of mindburst (42)
Scrolls
 h - 3 scrolls of magic mapping
 B - 2 scrolls of immolation
 L - a scroll of butterflies
 M - 9 scrolls of teleportation
 O - 10 scrolls of fear
 P - a scroll of blinking
 Q - 16 scrolls of fog
 S - 2 scrolls of poison
 X - 3 scrolls of silence
Potions
 c - 7 potions of resistance
 d - 11 potions of might
 f - 23 potions of curing
 n - 4 potions of cancellation
 p - 13 potions of brilliance
 s - 5 potions of invisibility
 t - 7 potions of berserk rage
 v - 13 potions of lignification
 x - 22 potions of heal wounds
 z - 13 potions of flight
 G - a potion of magic
 H - 9 potions of ambrosia
 I - 8 potions of haste
 U - 12 potions of mutation
Miscellaneous
 e - a condenser vane
 u - a lightning rod (4/4)
 N - a phantom mirror
 Y - a box of beasts


   Skills:
 + Level 20.4 Fighting
 - Level 3.0(5.2) Short Blades
 - Level 6.6(7.0) Long Blades
 - Level 7.0 Maces & Flails
 - Level 6.0 Polearms
 - Level 2.0 Throwing
 + Level 14.8 Armour
 - Level 10.0 Dodging
 - Level 2.0 Stealth
 + Level 15.5 Shields
 + Level 20.3 Spellcasting
 + Level 20.9 Conjurations
 - Level 1.0 Transmutations
 - Level 6.0 Fire Magic
 - Level 5.0 Ice Magic
 - Level 8.0 Air Magic
 * Level 23.9 Earth Magic
 - Level 5.0 Evocations


You had 20 spell levels left.
You knew the following spells:

 Your Spells              Type           Power      Damage    Failure   Level
a - Magic Dart            Conj           100%       1d8       0%          1
b - Searing Ray           Conj           100%       2d8       0%          2
c - Stone Arrow           Conj/Erth      100%       3d13      0%          3
d - Iron Shot             Conj/Erth      48%        9d9       1%          6
e - Lehudib's Crystal Sp  Conj/Erth      48%        10d12     1%          8
f - Arcjolt               Conj/Air       40%        1d50      1%          5
g - Lee's Rapid Deconstr  Erth           50%        3d24*     0%          5
h - Freezing Cloud        Conj/Ice/Air   35%        6-21      1%          5
i - Fireball              Conj/Fire      38%        3d16      1%          5
j - Flame Wave            Conj/Fire      77%        2d17      1%          4
I - Passwall              Tmut/Erth      61%        N/A       1%          2

Your spell library contained the following spells:

 Spells                   Type           Power      Damage    Failure   Level
 Maxwell's Capacitive Co  Air            30%        ∞         89%         8
 Sandblast                Erth           100%       2d20      0%          1
 Kiss of Death            Conj/Necr      100%       2d13      1%          1
 Cigotuvi's Dreadful Rot  Necr/Pois/Air  80%        N/A       1%          2
 Ensorcelled Hibernation  Hex/Ice        78%        N/A       1%          2
 Scorch                   Fire           100%       2d10      1%          2
 Dazzling Flash           Conj/Hex       100%       N/A       1%          3
 Inner Flame              Hex/Fire       42%        N/A       1%          3
 Kindle Blastsparks       Fire/Tloc/Air  100%       2d18      1%          3
 Mephitic Cloud           Conj/Pois/Air  67%        N/A       1%          3
 Ozocubu's Armour         Ice            51%        N/A       1%          3
 Swiftness                Air            61%        N/A       1%          3
 Airstrike                Air            30%        2d(5-21)  1%          4
 Animate Armour           Summ/Erth      100%       N/A       1%          4
 Fulminant Prism          Conj/Hex       34%        3d15      1%          4
 Iskenderun's Mystic Bla  Conj/Tloc      69%        2d14      1%          4
 Petrify                  Tmut/Erth      74%        N/A       1%          4
 Irradiate                Conj/Tmut      35%        3d23      1%          5
 Lightning Bolt           Conj/Air       40%        1d59      1%          5
 Starburst                Conj/Fire      38%        6d11      1%          6
 Apportation              Tloc           52%        N/A       3%          1
 Necrotise                Necr           100%       1d9       3%          1
 Slow                     Hex            100%       N/A       3%          1
 Summon Small Mammal      Summ           100%       N/A       3%          1
 Call Imp                 Summ           26%        N/A       5%          2
 Lesser Beckoning         Tloc           52%        N/A       5%          2
 Sublimation of Blood     Necr           26%        N/A       5%          2
 Shatter                  Erth           50%        3d38*     5%          9
 Summon Lightning Spire   Summ/Air       47%        N/A       7%          4
 Spider Form              Tmut/Pois      29%        N/A       9%          3
 Call Canine Familiar     Summ           26%        N/A       11%         3
 Confusing Touch          Hex            26%        N/A       11%         3
 Gell's Gravitas          Tloc           26%        N/A       11%         3
 Portal Projectile        Hex/Tloc       52%        N/A       11%         3
 Summon Guardian Golem    Hex/Summ       26%        N/A       11%         3
 Teleport Other           Tloc           26%        N/A       11%         3
 Tukima's Dance           Hex            26%        N/A       11%         3
 Vampiric Draining        Necr           26%        2d7       11%         3
 Olgreb's Toxic Radiance  Pois           26%        N/A       11%         4
 Silence                  Hex/Air        23%        N/A       21%         5
 Anguish                  Hex/Necr       13%        N/A       36%         4
 Animate Dead             Necr           26%        N/A       36%         4
 Dispel Undead            Necr           26%        3d13      36%         4
 Blade Hands              Tmut           15%        N/A       56%         5
 Alistair's Intoxication  Tmut/Pois      19%        N/A       63%         5
 Ozocubu's Refrigeration  Ice            25%        4d13      67%         7
 Agony                    Necr           26%        N/A       71%         5
 Summon Forest            Summ/Tloc      13%        N/A       71%         5
 Summon Mana Viper        Hex/Summ       26%        N/A       71%         5
 Simulacrum               Ice/Necr       19%        N/A       90%         6
 Chain Lightning          Conj/Air       40%        3d53      91%         9
 Fire Storm               Conj/Fire      38%        8d10      97%         9
 Death Channel            Necr           13%        N/A       99%         6
 Dispersal                Tloc           13%        N/A       99%         6
 Summon Cactus Giant      Summ           13%        N/A       99%         6
 Ignition                 Fire           27%        3d9       99%         8
 Haunt                    Necr/Summ      13%        N/A       100%        7
 Summon Hydra             Summ           13%        N/A       100%        7
 Borgnjor's Revivificati  Necr           13%        N/A       100%        8
 Infestation              Necr           13%        N/A       100%        8
 Death's Door             Necr           13%        N/A       100%        9
 Dragon's Call            Summ           13%        N/A       100%        9
 Polar Vortex             Ice            25%        N/A       100%        9


Dungeon Overview and Level Annotations

Branches:
Dungeon (15/15)            Temple (1/1) D:6            Lair (5/5) D:8
  Swamp (4/4) Lair:2       Spider (4/4) Lair:2        Slime (0/5) Lair:5
    Orc (2/2) D:11            Elf (3/3) Orc:2        Vaults (5/5) D:14
  Crypt (3/3) Vaults:2       Tomb (1/3) Crypt:3      Depths (4/4) D:15
    Zot (5/5) Depths:4    Volcano (visited)          WizLab (visited)

Altars:
Ashenzari
Cheibriados
Dithmenos
Elyvilon
Fedhas
Gozag
Hepliaklqana
Kikubaaqudgha
Makhleb
Nemelex Xobeh
Okawaru
Qazlal
Ru
Sif Muna
Trog
Uskayaw
Vehumet
Wu Jian
Xom
Yredelemnul
Zin
The Shining One
Jiyva

Shops:
D:4 =   D:7 ([   D:11 [   D:14 [   Orc:1 (   Orc:2 [(=[   Elf:1 *   Elf:3 =
Vaults:1 =   Vaults:2 (   Vaults:4 (*   Vaults:5 !(=[=!!   Depths:1 [

Portals:
Hell: Depths:1 Depths:2 Depths:3 Depths:4
Abyss: Depths:1 Depths:3 Depths:4
Pandemonium: Depths:2 Depths:3
Ziggurat: Depths:4

Annotations:
Crypt:3 2 transporters, Onexaaje's ghost, adept GrFi
Depths:4 3 runed translucent doors, Xutext's ghost, adept DsAK; xzight's ghost, legendary MiBe


Innate Abilities, Weirdness & Mutations

You have large cloven feet.
Your body often deteriorates upon taking damage.


Message History

The rock shatters into small pieces.
Heshiar comes into view.
A sixfirhy and a Brimstone Fiend come into view.
The Brimstone Fiend roars!
Heshiar launches a ball of destructive magic.
An orb of destruction comes into view.
The orb of destruction hits you!!!!
There is a stone staircase leading up here.
You climb upwards.
There is a stone staircase leading down here.
There is a stone staircase leading up here.
You start resting.
A smoke demon comes into view.
Casting: Iron Shot (safe; 1% risk of failure)
Confirm with . or Enter, or press ? or * to list all spells.
Aiming: Iron Shot (safe; 1% risk of failure)
Press: ? - help, Shift-Dir - straight line, f - smoke demon
Aim: a smoke demon (81% to hit)
The iron shot misses the smoke demon.
Casting: Iron Shot (safe; 1% risk of failure)
Confirm with . or Enter, or press ? or * to list all spells.
Aiming: Iron Shot (safe; 1% risk of failure)
Press: ? - help, Shift-Dir - straight line, f/p - smoke demon
Aim: a smoke demon (81% to hit)
The iron shot hits the smoke demon!!!
You kill the smoke demon!
Vehumet accepts your kill.
You feel your power returning.
You start resting.
Magic restored.
You start resting.
A rust devil comes into view.
You climb upwards.
There is a stone staircase leading down here.
HP restored.
There is a faded altar of an unknown god here.
You see here a -2 short sword.
There is an open door here.
There is a staircase leading out of the dungeon here.
You have escaped!

#..... ###########....
#########..............
#......................
#.##.....#..........###
#.##8###8##.........#
#........#..........#
##..#.....#..........#
#...#..@..#..........#
#...#.....#..#.#######
#...#........#.# ##
#..##8###8##.#.# #.
#...#.....#..#.# #.
#............#.# #.
#..............# #.
################ #. #.


There were no monsters in sight!

Vanquished Creatures
  6 dread liches
  3 orbs of fire (Zot:5)
  5 ancient liches
  2 juggernauts (Depths:2)
  Sojobo (Depths:2)
  5 Killer Klowns
  Bai Suzhen (Vaults:5)
  2 curse toes
  Saint Roka (Vaults:5)
  4 caustic shrikes
  Nikola (Elf:1)
  10 golden dragons
  2 Tzitzimimeh
  2 bone dragons
  Hellbinder (WizLab)
  2 electric golems (Zot:5)
  2 doom hounds (Zot:3)
  A shard shrike zombie (Crypt:3)
  19 tentacled monstrosities
  2 walking crystal tomes (Depths:2)
  Rupert (D:15)
  12 liches
  9 titans
  Asterion (Elf:3)
  A walking earthen tome (Depths:2)
  11 quicksilver dragons
  5 deep elf blademasters
  27 Orb Guardians
  Grunn (Zot:3)
  3 deep elf master archers (Elf:3)
  6 ancient champions
  10 death cobs
  8 shadow dragons
  11 sphinxes
  5 tengu reavers
  A thorn hunter (Swamp:4)
  Kirke (D:15)
  3 revenants
  3 fenstrider witches
  9 fire giants
  9 deep elf sorcerers
  13 storm dragons
  3 draconian monks (Zot:1)
  3 draconian knights
  20 vault wardens
  7 iron dragons
  Aizul (Crypt:1)
  7 ghost moths
  8 emperor scorpions
  2 draconian stormcallers
  4 spriggan defenders
  6 ghouls
  A draconian scorcher (Zot:5)
  A deep elf elementalist (Elf:1)
  18 frost giants
  5 curse skulls
  Louise (Depths:3)
  A balrug (Depths:3)
  5 orc warlords
  2 cacodemons
  14 ironbound preservers
  2 broodmothers (Spider:2)
  4 war gargoyles
  3 draconian annihilators
  2 draconian shifters
  5 ironbound thunderhulks
  16 stone giants
  8 black draconians
  32 very ugly things
  13 vampire knights
  4 deep elf demonologists
  8 green draconians
  2 bennus (Tomb:1)
  A demonspawn black sun (WizLab)
  10 dire elephants
  5 deep elf annihilators
  6 eleionomae
  5 white draconians
  7 red draconians
  6 purple draconians
  4 bunyips
  6 yellow draconians
  3 spark wasps
  19 ettins
  5 fire dragons
  7 deep elf death magi
  3 entropy weavers
  3 green deaths (WizLab)
  2 blizzard demons
  A shambling mangrove (Swamp:1)
  A quicksilver dragon zombie (Depths:1)
  An elf zombie (Crypt:1)
  2 crystal guardians (Vaults:1)
  9 jiangshi
  5 mummy priests (Tomb:1)
  2 spriggan zombies
  4 great orbs of eyes
  4 deep elf high priests
  15 yaktaur captains
  2 peacekeepers
  A caustic shrike simulacrum (Depths:1)
  4 ogre magi
  2 hell beasts (WizLab)
  An elf skeleton (Crypt:1)
  2 spriggan skeletons
  7 spriggan air magi
  2 rakshasas
  13 ice dragons
  40 vault guards
  17 hydras
  A jorogumo (Spider:1)
  2 catoblepae (Vaults:3)
  7 centaur warriors
  12 ironbound frosthearts
  6 boulder beetles
  A death knight (Crypt:1)
  An anaconda (shapeshifter) (Vaults:5)
  13 two-headed ogres
  32 dancing weapons
  A fenstrider witch skeleton (Crypt:1)
  8 tengu warriors
  9 death scarabs (Tomb:1)
  9 death yaks
  6 deep troll shamans
  6 alligators
  5 vampire magi
  6 deep troll earth magi
  A hell hog (Volcano)
  2 orc high priests (Orc:2)
  23 spriggans
  A hell knight (Vaults:5)
  16 spriggan berserkers
  A storm dragon zombie (Crypt:3)
  4 sun demons
  22 deep elf knights
  A fire crab (Lair:5)
  3 shadow wraiths
  6 soul eaters
  4 pharaoh ants
  9 goliath frogs
  7 iron trolls
  2 sixfirhies (WizLab)
  36 deep trolls
  19 skeletal warriors
  3 glowing orange brains
  2 shadow demons (WizLab)
  11 swamp dragons
  5 flayed ghosts
  6 spriggan druids
  11 orb spiders
  3 spriggan simulacra (Crypt:1)
  A golden dragon zombie (Crypt:1)
  6 steelbarb worms
  2 anaconda zombies (Crypt:1)
  2 bog bodies (Lair:2)
  A wolf spider zombie (Crypt:1)
  7 harpies (Vaults:1)
  A lindwurm (shapeshifter) (Depths:2)
  14 phantasmal warriors
  25 ironbound convokers
  10 necromancers
  10 lindwurms
  15 wizards
  11 orc knights
  9 deep elf archers
  An anaconda skeleton (Crypt:1)
  20 wolf spiders
  25 deep elf zephyrmancers
  31 deep elf pyromancers
  2 human zombies (Vaults:4)
  2 orc sorcerers (Orc:2)
  38 ugly things
  6 will-o-the-wisps
  A stone giant zombie (Crypt:1)
  4 cyclopes
  3 manticores
  A naga zombie (Crypt:1)
  3 demonic crawlers
  24 elephants
  23 moths of wrath
  2 centaur zombies (Crypt:1)
  3 black mambas
  2 frost giant skeletons
  2 guardian serpents (D:15)
  A dire elephant zombie (Crypt:1)
  2 ice statues (Depths:3)
  14 vault sentinels
  Joseph (D:8)
  3 orange demons
  4 rust devils
  2 molten gargoyles (Volcano)
  A yaktaur zombie (Vaults:4)
  A fire giant skeleton (Depths:1)
  10 unseen horrors
  4 torpor snails
  4 smoke demons
  23 cane toads
  4 hellions
  4 freezing wraiths (Depths:3)
  13 komodo dragons
  3 kobold demonologists
  A tormentor (WizLab)
  Maggie (D:6)
  12 rime drakes
  A pale draconian zombie (Crypt:3)
  11 guardian mummies
  5 ice devils
  26 yaktaurs
  An anaconda simulacrum (Crypt:1)
  6 tengu conjurers
  A harpy zombie (Crypt:1)
  5 trolls
  A queen bee (Lair:4)
  A polar bear (Lair:2)
  3 meliai (Lair:4)
  An unseen horror skeleton (Crypt:1)
  A polar bear (shapeshifter) (D:14)
  10 tyrant leeches
  24 hornets
  A bloated husk (Swamp:2)
  A moth of wrath zombie (Crypt:2)
  5 hellwings
  40 tarantellas
  A tarantella zombie (Crypt:2)
  56 blink frogs
  Prince Ribbit (D:8)
  A merfolk (shapeshifter) (Vaults:5)
  5 dream sheep (Lair:5)
  A meliai zombie (Crypt:3)
  2 air elementals
  24 jumping spiders
  A jumping spider (shapeshifter) (Vaults:5)
  56 slime creatures
  An ettin skeleton (Crypt:1)
  14 flying skulls
  17 culicivoras
  11 wraiths
  29 yaks
  9 water elementals
  2 ynoxinuls (WizLab)
  5 basilisks
  6 ushabtiu (Tomb:1)
  An ice dragon skeleton (Crypt:1)
  3 fire elementals
  2 vampires
  6 fire bats (Volcano)
  5 hogs (D:15)
  9 wyverns
  26 vampire mosquitoes
  4 steam dragons
  2 neqoxecs (WizLab)
  48 redbacks
  4 chaos spawn
  A faun zombie (Crypt:1)
  A naga (shapeshifter) (Depths:2)
  16 swamp worms
  8 wargs
  2 merfolk zombies
  A deep troll zombie (Crypt:2)
  A glowing shapeshifter zombie (Vaults:4)
  An acid dragon (D:12)
  10 water moccasins
  A demonspawn zombie (Crypt:3)
  A naga skeleton (Crypt:1)
  A cane toad skeleton (Crypt:3)
  4 floating eyes
  2 black bears
  A sky beast (D:8)
  8 swamp drakes
  A two-headed ogre skeleton (Crypt:1)
  37 orc warriors
  2 ice beasts (D:8)
  An ettin simulacrum (Crypt:1)
  9 wolves
  9 ogres
  11 centaurs
  A kobold brigand (D:11)
  11 bullfrogs
  A vine stalker zombie (Crypt:3)
  2 gnoll sergeants
  6 necrophages
  5 scorpions
  A komodo dragon skeleton (Crypt:1)
  A salamander skeleton (Crypt:1)
  2 earth elementals (Elf:1)
  15 wights
  37 killer bees
  A water moccasin skeleton (Crypt:3)
  A howler monkey (D:7)
  A troll skeleton (Crypt:2)
  An electric eel (Lair:2)
  A crimson imp (D:6)
  8 lava snakes
  2 jellies
  5 hounds
  28 orc priests
  A hound (shapeshifter) (Depths:2)
  13 iguanas
  A gnoll bouda (D:5)
  24 orc wizards
  A boggart zombie (Crypt:1)
  A hell rat (Lair:4)
  A sky beast zombie (Crypt:3)
  A hound skeleton (Crypt:1)
  22 mummies
  8 adders
  21 gnolls
  2 shadow imps
  2 white imps
  3 ufetubi
  2 worms
  A dart slug (D:2)
  113 orcs
  14 ball pythons
  8 endoplasms
  4 giant cockroaches
  8 goblins
  4 hobgoblins
  3 jackals (D:1)
  9 kobolds
  3 quokkas
  3 training dummies (Orc:1)
  7 bats
  A frilled lizard (shapeshifter) (Depths:2)
  8 frilled lizards
  A frilled lizard zombie (Crypt:2)
  An orc zombie (Crypt:2)
  A quokka skeleton (Crypt:3)
  6 rats
2448 creatures vanquished.

Vanquished Creatures (collateral kills)
  An iron dragon (Vaults:5)
1 creature vanquished.

Vanquished Creatures (others)
  A deep elf annihilator (Vaults:3)
  A deep troll (Vaults:2)
  A wizard (Depths:3)
  4 bloated husks (Swamp:2)
  A human (D:15)
  A redback (Spider:1)
  A sky beast (shapeshifter) (Vaults:4)
  An orc warrior (Vaults:5)
  A boggart (Elf:1)
  2 orcs (Vaults:5)
  14 foxfires
  64 fungi
  155 plants
  6 withered plants (Depths:4)
253 creatures vanquished.

Grand Total: 2702 creatures vanquished

Notes
Turn   | Place    | Note
-------+----------+-------------------------------------------
     0 | D:1      | Lobster4 the Human Conjurer began the quest for the Orb.
     0 | D:1      | Reached XP level 1. HP: 13/13 MP: 3/3
   242 | D:1      | Reached XP level 2. HP: 20/20 MP: 0/5
   410 | D:1      | Learned a level 2 spell: Searing Ray
   648 | D:1      | Reached XP level 3. HP: 25/25 MP: 3/6
   731 | D:1      | Found a faded altar of an unknown god.
  1125 | D:2      | Reached skill level 1 in Fighting
  1125 | D:2      | Reached skill level 1 in Armour
  1491 | D:2      | Got the Octavo of Gusty Corruption
  1784 | D:2      | Reached XP level 4. HP: 32/32 MP: 4/7
  2515 | D:3      | Reached XP level 5. HP: 38/38 MP: 2/8
  3899 | D:3      | Found a sparkling altar of Nemelex Xobeh.
  3899 | D:3      | Found an opulent altar of Gozag.
  4246 | D:4      | Noticed a black bear
  4340 | D:4      | Found Qaotz's Jewellery Boutique.
  4350 | D:4      | Reached skill level 1 in Evocations
  4473 | D:4      | Reached XP level 6. HP: 44/44 MP: 5/10
  4803 | D:4      | Reached skill level 1 in Throwing
  5604 | D:5      | Entered Level 5 of the Dungeon
  5604 | D:5      | Noticed an ogre
  5604 | D:5      | Found a broken altar of Ashenzari.
  5672 | D:5      | Noticed a black bear
  5682 | D:5      | Killed a black bear
  5683 | D:5      | Reached XP level 7. HP: 37/51 MP: 11/11
  5772 | D:5      | Noticed a two-headed ogre
  5811 | D:5      | Killed a two-headed ogre
  5812 | D:5      | Reached XP level 8. HP: 11/60 MP: 14/14
  6377 | D:5      | Reached XP level 9. HP: 66/66 MP: 11/16
  6494 | D:5      | Identified the +2 spear "Itzi" {holy, +Blink rF+ rC+ Dex-3}
  6549 | D:5      | Reached skill level 5 in Spellcasting
  6699 | D:5      | Reached skill level 5 in Fighting
  7370 | D:5      | Learned a level 3 spell: Stone Arrow
  7514 | D:6      | Reached skill level 1 in Polearms
  7514 | D:6      | Reached skill level 1 in Earth Magic
  7854 | D:6      | Noticed Maggie
  7991 | D:6      | Killed Maggie
  7992 | D:6      | Reached skill level 2 in Earth Magic
  8121 | D:6      | Found a staircase to the Ecumenical Temple.
  8132 | Temple   | Entered the Ecumenical Temple
  8141 | Temple   | Became a worshipper of Vehumet
  8979 | D:7      | Reached XP level 10. HP: 76/76 MP: 17/18
  9188 | D:7      | Found a blossoming altar of Fedhas.
  9220 | D:7      | Found Kurchav's Antique Armour Shoppe.
  9322 | D:7      | Found Adihotoi's Antique Weapon Boutique.
  9353 | D:7      | Found an ornate altar of the Wu Jian Council.
 10196 | D:8      | Reached skill level 1 in Shields
 10287 | D:8      | Reached skill level 3 in Earth Magic
 10483 | D:8      | Noticed a cyclops
 10764 | D:8      | Noticed Joseph
 10778 | D:8      | Killed Joseph
 10838 | D:8      | Reached * piety under Vehumet
 10838 | D:8      | Offered knowledge of Kiss of Death by Vehumet.
 10972 | D:8      | Noticed Prince Ribbit
 10997 | D:8      | Killed Prince Ribbit
 11211 | D:8      | Found a hide-covered altar of Uskayaw.
 11512 | D:8      | Reached skill level 4 in Earth Magic
 11659 | D:8      | Found a staircase to the Lair.
 11872 | D:8      | Reached XP level 11. HP: 72/83 MP: 21/21
 12041 | D:8      | Killed a cyclops
 12977 | D:10     | Entered Level 10 of the Dungeon
 13064 | D:10     | Reached skill level 5 in Armour
 13117 | D:10     | Identified the +4 morningstar of Desperation {holy, rF+
                  | MP+9 Int+3 Dex-5}
 13426 | D:10     | Reached ** piety under Vehumet
 13427 | D:10     | Reached skill level 1 in Maces & Flails
 13427 | D:10     | Reached skill level 5 in Polearms
 13593 | D:10     | Learned a level 2 spell: Passwall
 13690 | D:10     | Noticed a centaur warrior
 13828 | Lair:1   | Entered Level 1 of the Lair of Beasts
 13919 | Lair:1   | Offered knowledge of Momentum Strike by Vehumet.
 13920 | Lair:1   | Reached skill level 5 in Earth Magic
 14771 | Lair:1   | Reached XP level 12. HP: 77/92 MP: 16/23
 14937 | Lair:1   | Reached skill level 5 in Shields
 15737 | Lair:2   | Noticed a death yak
 15743 | Lair:2   | Noticed a death yak
 15745 | Lair:2   | Noticed a death yak
 15748 | Lair:2   | Killed a death yak
 15938 | Lair:1   | Killed a death yak
 16105 | Lair:2   | Killed a death yak
 16295 | Lair:1   | Reached skill level 10 in Conjurations
 16551 | Lair:2   | Reached skill level 6 in Earth Magic
 16666 | Lair:2   | Offered knowledge of Hailstorm by Vehumet.
 16698 | Lair:2   | Found a hole to the Spider Nest.
 16884 | Lair:2   | Reached XP level 13. HP: 101/101 MP: 25/25
 17032 | Lair:2   | Reached skill level 5 in Maces & Flails
 17803 | Lair:2   | Reached *** piety under Vehumet
 18194 | Lair:2   | Found a staircase to the Swamp.
 18488 | Lair:3   | Found a dark tunnel.
 18493 | Volcano  | Entered a volcano
 19050 | Volcano  | Found a burning altar of Makhleb.
 19256 | Volcano  | Offered knowledge of Frozen Ramparts by Vehumet.
 19351 | Volcano  | Reached skill level 7 in Earth Magic
 19398 | Volcano  | Noticed a fire dragon
 19407 | Volcano  | Killed a fire dragon
 19924 | Lair:3   | Reached skill level 1 in Transmutations
 20211 | Lair:3   | Identified the +4 pair of gloves of Gravitas {rF+ MP+9}
 20466 | Lair:3   | Reached **** piety under Vehumet
 20467 | Lair:3   | Reached skill level 5 in Dodging
 20762 | Lair:3   | Reached XP level 14. HP: 106/109 MP: 27/27
 20884 | Lair:3   | Offered knowledge of Arcjolt by Vehumet.
 20896 | Lair:3   | Learned a level 5 spell: Arcjolt
 21077 | Lair:3   | Identified a scroll of acquirement
 21077 | Lair:3   | Acquired the +2 hat of the Bear Spirit {Spirit, Bear, *Rage
                  | Will++}
 21077 | Lair:3   | Found the +2 hat of the Bear Spirit {Spirit, Bear, *Rage
                  | Will++}
 21341 | Lair:3   | Reached skill level 10 in Fighting
 21483 | Lair:4   | Reached skill level 1 in Air Magic
 22569 | Lair:4   | Reached skill level 8 in Earth Magic
 22711 | Lair:4   | Reached ***** piety under Vehumet
 22749 | Lair:4   | Offered knowledge of Yara's Violent Unravelling by Vehumet.
 23658 | Lair:4   | Reached skill level 10 in Spellcasting
 24104 | Lair:4   | Reached XP level 15. HP: 117/117 MP: 29/29
 24842 | Lair:5   | Entered Level 5 of the Lair of Beasts
 25146 | Lair:5   | Offered knowledge of Flame Wave by Vehumet.
 25174 | Lair:4   | Learned a level 4 spell: Flame Wave
 25579 | Lair:5   | Found a staircase to the Slime Pits.
 25579 | Lair:5   | Found a viscous altar of Jiyva.
 25791 | Lair:5   | Reached skill level 9 in Earth Magic
 26040 | Lair:5   | Reached skill level 1 in Fire Magic
 26266 | Lair:5   | Reached skill level 5 in Air Magic
 26272 | Lair:5   | Identified the +0 ring mail of Mezcal {Dex+2 Stlth+}
 27243 | Lair:5   | Identified the +3 helmet "Zinoine" {Str+6}
 27323 | Lair:5   | Identified the +4 chain mail of Ynoopn {Contam Regen+ Dex+4
                  | Stlth+}
 27928 | D:11     | Found Siuddit's Armour Boutique.
 27935 | D:11     | Bought the +1 cloak of Repulsion {Rampage +Inv Will+ Str+3}
                  | for 460 gold pieces
 27953 | D:11     | Learned a level 5 spell: Lee's Rapid Deconstruction
 28277 | D:11     | Found a staircase to the Orcish Mines.
 28981 | D:11     | Offered knowledge of Irradiate by Vehumet.
 29530 | Orc:1    | Entered Level 1 of the Orcish Mines
 29642 | Orc:1    | Found Ihiateurr's Firing Range.
 30299 | Orc:2    | Entered Level 2 of the Orcish Mines
 30304 | Orc:2    | Reached XP level 16. HP: 124/125 MP: 30/30
 30602 | Orc:2    | Found a staircase to the Elven Halls.
 31268 | Orc:2    | Offered knowledge of Conjure Ball Lightning by Vehumet.
 32136 | Orc:2    | Found Baitwah's Antique Armour Emporium.
 32138 | Orc:2    | Found Zoruro Seunn's Antique Weapon Shoppe.
 32186 | Orc:2    | Found Vacanawy's Jewellery Boutique.
 32384 | Orc:2    | Found Nuoqua's Armour Emporium.
 32458 | Orc:2    | Bought a spiked kite shield for 342 gold pieces
 32458 | Orc:2    | Identified the +1 kite shield of the Past {rN+ Regen+
                  | Int-3} (You bought it in a shop on level 2 of the Orcish
                  | Mines)
 32464 | Orc:2    | Bought a slimy whip for 210 gold pieces
 32464 | Orc:2    | Identified the +7 whip "Tadei" {heavy, rElec} (You bought
                  | it in a shop on level 2 of the Orcish Mines)
 32464 | Orc:2    | Bought a crystal morningstar for 252 gold pieces
 32464 | Orc:2    | Identified the +6 morningstar "Dragon's Tongue" {speed,
                  | rPois rC- Str+7 Stlth+} (You bought it in a shop on level 2
                  | of the Orcish Mines)
 32474 | Orc:2    | Bought a scorched falchion for 224 gold pieces
 32474 | Orc:2    | Identified the +4 falchion of Experimentation {vamp, rElec
                  | rC+} (You bought it in a shop on level 2 of the Orcish
                  | Mines)
 32868 | D:7      | Bought a glowing ring mail for 196 gold pieces
 32868 | D:7      | Bought a glowing ring mail for 196 gold pieces
 34218 | D:12     | Offered knowledge of Freezing Cloud by Vehumet.
 34229 | D:12     | Learned a level 5 spell: Freezing Cloud
 35676 | D:13     | Reached skill level 1 in Ice Magic
 36105 | D:13     | Found a portal to a secret trove of treasure.
 36176 | D:13     | Reached skill level 10 in Earth Magic
 36930 | D:14     | Found a gate to the Vaults.
 36933 | D:14     | Identified the +4 sling of Disintegration {heavy, rC+ Int+3
                  | Dex+3}
 37425 | D:14     | Found Horryash's Antique Armour Shoppe.
 38049 | D:14     | Bought a brightly glowing ring mail for 243 gold pieces
 38049 | D:14     | Identified the +0 ring mail of Lugonu's Reproof {rElec rF+}
                  | (You bought it in a shop on level 14 of the Dungeon)
 38278 | D:15     | Entered Level 15 of the Dungeon
 38546 | D:15     | Noticed Kirke
 38553 | D:15     | Killed Kirke
 38643 | D:15     | Reached XP level 17. HP: 116/133 MP: 32/32
 38861 | D:15     | Noticed Rupert
 38879 | D:15     | Killed Rupert
 39009 | D:15     | Found a staircase to the Depths.
 40109 | D:15     | Reached skill level 10 in Armour
 40333 | Elf:1    | Entered Level 1 of the Elven Halls
 40493 | Elf:1    | Noticed Nikola
 40506 | Elf:1    | Killed Nikola
 41320 | Elf:1    | Found Dadudoap's Assorted Antiques.
 42662 | Elf:2    | Reached XP level 18. HP: 125/142 MP: 27/34
 42871 | Elf:2    | Identified the +1 ring mail "Begor" {-Tele rN+ Will+ SInv}
 42887 | Elf:1    | Found an ancient bone altar of Kikubaaqudgha.
 42906 | Elf:2    | Paralysed by an air elemental for 1 turns
 42953 | Elf:2    | Offered knowledge of Fireball by Vehumet.
 43091 | Elf:2    | Learned a level 5 spell: Fireball
 43964 | Elf:2    | Found a runed translucent gate.
 43965 | Elf:2    | Found a runed translucent gate.
 43965 | Elf:2    | Found a runed translucent gate.
 43997 | Elf:3    | Entered Level 3 of the Elven Halls
 44088 | Elf:3    | Noticed Asterion
 44096 | Elf:3    | Killed Asterion
 44168 | Elf:3    | Found Zuptum's Jewellery Boutique.
 44536 | Elf:3    | Noticed a deep elf master archer
 44538 | Elf:3    | Killed a deep elf master archer
 44728 | Elf:3    | Noticed a deep elf blademaster
 44739 | Elf:3    | Killed a deep elf blademaster
 44740 | Elf:3    | Reached skill level 5 in Fire Magic
 44800 | Elf:3    | Noticed a deep elf master archer
 44803 | Elf:3    | Killed a deep elf master archer
 44807 | Elf:3    | Noticed a deep elf blademaster
 44813 | Elf:3    | Killed a deep elf blademaster
 45001 | Elf:3    | Reached skill level 11 in Earth Magic
 45011 | Elf:3    | Identified the +0 scale mail "Hanet" {Harm Will+ Int-3}
 45013 | Elf:3    | Noticed a Tzitzimitl
 45023 | Elf:3    | Reached skill level 10 in Shields
 45563 | Elf:3    | Identified the +6 short sword of Wiboufut {pain, rPois MP+9
                  | Int+3 Dex-3}
 45784 | Elf:3    | Noticed a deep elf blademaster
 45784 | Elf:3    | Noticed a deep elf blademaster
 45787 | Elf:3    | Noticed a deep elf master archer
 45790 | Elf:3    | Killed a deep elf blademaster
 45791 | Elf:3    | Killed a deep elf blademaster
 45793 | Elf:3    | Killed a deep elf master archer
 45794 | Elf:3    | Reached XP level 19. HP: 131/151 MP: 25/35
 45919 | Elf:3    | Identified the +6 arbalest of Distraction {elec, rPois
                  | Will- rCorr}
 46109 | Elf:2    | Noticed a deep elf blademaster
 46116 | Elf:2    | Killed a deep elf blademaster
 46418 | Elf:2    | Reached skill level 1 in Short Blades
 48042 | Lair:2   | Upgraded the game from 0.30-a0-723-gc1506a1cf0 to
                  | 0.30-a0-726-gd89dcf765f
 48071 | Spider:1 | Entered Level 1 of the Spider Nest
 48128 | Spider:1 | Offered knowledge of Eringya's Noxious Bog by Vehumet.
 49654 | Spider:1 | Learned a level 6 spell: Iron Shot
 50113 | Spider:1 | Reached skill level 15 in Conjurations
 50207 | Spider:1 | Found a hide-covered altar of Uskayaw.
 50745 | Spider:1 | Reached skill level 12 in Earth Magic
 51167 | Spider:2 | Reached ****** piety under Vehumet
 51264 | Spider:2 | Identified the +5 long sword of the Coin {freeze, Str+2}
 52548 | Spider:4 | Entered Level 4 of the Spider Nest
 52935 | Spider:4 | Reached XP level 20. HP: 151/160 MP: 23/37
 53794 | Spider:4 | Offered knowledge of Lehudib's Crystal Spear by Vehumet.
 53794 | Spider:4 | Offered knowledge of Maxwell's Capacitive Coupling by
                  | Vehumet.
 55523 | Spider:4 | Identified the +11 plate armour of the Beginning {-Tele
                  | rF+++ Str-5 Stlth+}
 55546 | Spider:4 | Reached skill level 13 in Earth Magic
 55916 | Spider:4 | Got a gossamer rune of Zot
 56310 | D:14     | Bought an embroidered hat for 189 gold pieces
 56852 | D:4      | Bought the ring of Arpheyll {rC+ rN+ Will+} for 475 gold
                  | pieces
 57053 | Swamp:1  | Entered Level 1 of the Swamp
 58195 | Swamp:1  | Reached skill level 1 in Long Blades
 58479 | Swamp:1  | You are sucked into a shaft and drop 1 floor!
 61587 | Swamp:3  | Reached skill level 15 in Fighting
 61802 | Swamp:4  | Entered Level 4 of the Swamp
 62120 | Swamp:3  | Reached skill level 14 in Earth Magic
 62441 | Swamp:4  | Reached XP level 21. HP: 168/168 MP: 19/39
 63866 | Swamp:4  | Got a decaying rune of Zot
 64410 | Elf:3    | Bought the ring of Ashenzari's Approval {rF+ rN++ Int+6}
                  | for 726 gold pieces
 64666 | Vaults:1 | Entered Level 1 of the Vaults
 65120 | Vaults:1 | Found a magical portal.
 65130 | WizLab   | Entered The Hall of the Hellbinder
 66366 | WizLab   | Identified the ring "Saelidghu" {rF++ Will++ MP+9 Str-2}
 66366 | WizLab   | Noticed Zoetog
 66382 | WizLab   | Gained mutation: You are clumsy. (Dex -2) [a cacodemon]
 66398 | WizLab   | Noticed a Brimstone Fiend
 66398 | WizLab   | Killed Zoetog the Hellbinder
 66549 | WizLab   | Got Vethiqip's Monograph on Beckoning
 66571 | WizLab   | Identified the ring "Witemi" {rC+ Int+4}
 66587 | WizLab   | Found a burning altar of Makhleb.
 66755 | Vaults:1 | Reached skill level 15 in Earth Magic
 67032 | Vaults:1 | Found Cimnan's Jewellery Shoppe.
 67045 | Vaults:1 | Bought the amulet "Unwupoaj" {Reflect rPois MP+9 Dex+3
                  | SH+5} for 1062 gold pieces
 68768 | Vaults:1 | Reached XP level 22. HP: 177/177 MP: 40/40
 69650 | Vaults:2 | Found Asap's Weapon Boutique.
 69957 | Vaults:2 | Reached skill level 5 in Long Blades
 69957 | Vaults:2 | Reached skill level 15 in Spellcasting
 69960 | Vaults:2 | Reached skill level 16 in Earth Magic
 70018 | Vaults:2 | Found a staircase to the Crypt.
 70903 | Vaults:3 | Identified the amulet of Amelioration {+Blink rN+ Regen+
                  | Int+4}
 71153 | Vaults:3 | Reached skill level 5 in Evocations
 71468 | Vaults:3 | Identified the +4 glaive "Melu" {flame, *Rage rC++ Int+3}
 72534 | Vaults:3 | Identified the +5 hand axe of Sudden Death {venom, *Corrode
                  | rElec Dex+3}
 72951 | Vaults:3 | Noticed a golden dragon
 72954 | Vaults:3 | Killed a golden dragon
 73187 | Vaults:3 | Got the Verses on Sinister Secrets
 73329 | Vaults:3 | Reached XP level 23. HP: 169/185 MP: 42/42
 73593 | Vaults:3 | Reached skill level 17 in Earth Magic
 74474 | Vaults:4 | Learned a level 8 spell: Lehudib's Crystal Spear
 74488 | Vaults:4 | Found Jakhlah's Antique Weapon Emporium.
 74798 | Vaults:4 | Found Xediggiu's Assorted Antiques.
 74806 | Vaults:4 | Bought an ivory trident for 408 gold pieces
 74806 | Vaults:4 | Identified the +8 trident "Qazaren" {speed, Str+3} (You
                  | bought it in a shop on level 4 of the Vaults)
 76256 | Crypt:1  | Entered Level 1 of the Crypt
 77121 | Crypt:1  | Reached skill level 5 in Ice Magic
 77172 | Crypt:1  | HP: 2/187 [skeletal warrior/+0 long sword (14)]
 77233 | Crypt:1  | Reached skill level 18 in Earth Magic
 77571 | Crypt:1  | Noticed Aizul
 77586 | Crypt:1  | Killed Aizul
 78833 | Crypt:1  | Reached XP level 24. HP: 162/195 MP: 43/43
 79868 | Crypt:3  | Entered Level 3 of the Crypt
 80105 | Crypt:3  | Found a staircase to the Tomb.
 80747 | Crypt:3  | Noticed a curse toe
 80909 | Crypt:3  | Killed a curse toe
 80964 | Crypt:3  | Found a transporter.
 80966 | Crypt:3  | Noticed Onexaaje's ghost (adept GrFi)
 81405 | Crypt:3  | Identified the ring of Wesak {Drain rPois rN+ Str+8 Stlth+}
 81426 | Crypt:3  | Found the +2 cloak of the Thief {*Fog Slay-2 SInv Stlth+}
 81521 | Crypt:3  | Identified the ring "Taats" {rElec rN+ Str+4}
 81880 | Crypt:3  | Identified the ring of Oteolam {rN+ Str+2}
 81880 | Crypt:3  | Identified the amulet of the Establishment {Reflect -Cast
                  | *Slow rPois Str+5 SH+5}
 81881 | Crypt:3  | Identified the +3 arbalest "Vueppisch" {speed, rElec}
 81901 | Crypt:3  | Got the Opusculum on the Crypt
 82110 | Crypt:3  | Identified the +2 robe of the Meadowlark {-Tele rPois
                  | Dex+6}
 82112 | Crypt:3  | Found a transporter.
 82263 | Crypt:3  | Reached skill level 19 in Earth Magic
 82629 | Depths:1 | Entered Level 1 of the Depths
 83377 | Depths:1 | Found Kistranui's Armour Shop.
 83507 | Depths:1 | Found a gateway to Hell.
 84262 | Depths:1 | Found a stormy altar of Qazlal.
 84338 | Depths:1 | Found a one-way gate to the infinite horrors of the Abyss.
 84794 | Depths:1 | Noticed a dread lich
 84799 | Depths:1 | Killed a dread lich
 84823 | Depths:1 | Reached XP level 25. HP: 159/203 MP: 1/43
 85797 | Depths:2 | Noticed Sojobo
 86031 | Depths:2 | Noticed a juggernaut
 86036 | Depths:2 | Paralysed by an air elemental for 1 turns
 86643 | Depths:2 | Killed a juggernaut
 87368 | Depths:2 | Killed Sojobo
 87931 | Depths:2 | Identified the +0 ring mail of Grace {Str+3}
 88065 | Depths:2 | Found a huge runed gate.
 88065 | Depths:2 | Found a huge runed gate.
 88065 | Depths:2 | Found a huge runed gate.
 88065 | Depths:2 | Found a huge runed gate.
 88065 | Depths:2 | Found a huge runed gate.
 88066 | Depths:2 | Found a huge runed gate.
 88066 | Depths:2 | Found a huge runed gate.
 88066 | Depths:2 | Found a huge runed gate.
 88066 | Depths:2 | Found a huge runed gate.
 88067 | Depths:2 | Found a huge runed gate.
 88067 | Depths:2 | Found a huge runed gate.
 88068 | Depths:2 | Found a huge runed gate.
 88069 | Depths:2 | Found a huge runed gate.
 88070 | Depths:2 | Found a huge runed gate.
 88071 | Depths:2 | Found a huge runed gate.
 88072 | Depths:2 | Found a huge runed gate.
 88455 | Depths:2 | Found a one-way gate leading to the halls of Pandemonium.
 88508 | Depths:2 | Found a huge runed gate.
 88509 | Depths:2 | Found a huge runed gate.
 88510 | Depths:2 | Found a huge runed gate.
 88518 | Depths:2 | Found a huge runed gate.
 88518 | Depths:2 | Found a huge runed gate.
 88518 | Depths:2 | Found a huge runed gate.
 88518 | Depths:2 | Found a huge runed gate.
 88518 | Depths:2 | Found a huge runed gate.
 88518 | Depths:2 | Found a huge runed gate.
 88519 | Depths:2 | Found a huge runed gate.
 88520 | Depths:2 | Found a huge runed gate.
 88521 | Depths:2 | Found a huge runed gate.
 88529 | Depths:2 | Found a huge runed gate.
 88529 | Depths:2 | Found a huge runed gate.
 88529 | Depths:2 | Found a huge runed gate.
 88529 | Depths:2 | Found a huge runed gate.
 88529 | Depths:2 | Found a huge runed gate.
 88529 | Depths:2 | Found a huge runed gate.
 88530 | Depths:2 | Found a huge runed gate.
 88531 | Depths:2 | Found a huge runed gate.
 88634 | Depths:3 | Reached skill level 20 in Earth Magic
 88762 | Depths:3 | Identified the ring "Sutuf" {rC+ EV+5 Slay+3}
 88971 | Depths:3 | Found a white marble altar of Elyvilon.
 89020 | Depths:3 | Noticed Louise
 89026 | Depths:3 | Killed Louise
 89739 | Depths:3 | Gained mutation: You are weak. (Str -2) [a cacodemon]
 89741 | Depths:3 | Gained mutation: You are dopey. (Int -2) [a cacodemon]
 90657 | Depths:3 | Reached XP level 26. HP: 211/211 MP: 23/44
 91242 | Depths:3 | Noticed a dread lich
 91257 | Depths:3 | Killed a dread lich
 91660 | Depths:4 | Entered Level 4 of the Depths
 91854 | Depths:4 | Found a blossoming altar of Fedhas.
 92751 | Depths:4 | Found a gateway to a bazaar.
 92769 | Bazaar   | Entered a bazaar
 92769 | Bazaar   | Found Ubipebea's General Store.
 92807 | Bazaar   | Found Oxtum's Antique Weapon Shoppe.
 92818 | Bazaar   | Found Dikhlo Enik's Antique Armour Boutique.
 92829 | Bazaar   | Found Dohosur's Book Emporium.
 92837 | Bazaar   | Found Daogro's Distillery.
 92869 | Bazaar   | Bought a runed demon blade for 396 gold pieces
 92891 | Bazaar   | Bought a potion of heal wounds for 35 gold pieces
 92891 | Bazaar   | Bought a potion of heal wounds for 35 gold pieces
 92891 | Bazaar   | Bought a potion of lignification for 21 gold pieces
 92891 | Bazaar   | Bought a potion of lignification for 21 gold pieces
 92899 | Bazaar   | Bought a manual of Spellcasting for 1040 gold pieces
 93140 | Depths:4 | Identified the +6 sling of Zitus {drain, rElec rCorr Str-5
                  | Int+3}
 94066 | Depths:4 | Found a one-way gateway to a ziggurat.
 94255 | Depths:4 | Found a runed translucent gate.
 94255 | Depths:4 | Found a runed translucent gate.
 94255 | Depths:4 | Found a runed translucent gate.
 94257 | Depths:4 | Noticed xzight's ghost (legendary MiBe)
 94257 | Depths:4 | Noticed Xutext's ghost (adept DsAK)
 94289 | Depths:4 | Found a gate to the Realm of Zot.
 95659 | Depths:2 | Noticed a juggernaut
 95810 | Depths:2 | Killed a juggernaut
 96606 | Tomb:1   | Entered Level 1 of the Tomb of the Ancients
 96907 | Tomb:1   | Reached skill level 21 in Earth Magic
 98291 | Tomb:1   | Reached XP level 27. HP: 213/213 MP: 44/44
 98624 | D:13     | You paid a toll of a +7 demon blade to enter a treasure
                  | trove
 98625 | Trove    | Entered a treasure trove
 98625 | Trove    | Found the brooch of Shielding {Spirit SH+8}
 98627 | Trove    | Identified the amulet "Mathaipt" {Reflect +Inv rCorr Int+2
                  | SH+5}
 98641 | Trove    | Identified the ring "Gudeno Nukeu" {*Slow Dex+7 Slay+4
                  | Stlth+}
 98649 | Trove    | Identified the ring of Ruemefu {rPois Dex+2}
 98651 | Trove    | Identified the ring "Hanurraa" {rPois Dex+3}
 98866 | Vaults:5 | Entered Level 5 of the Vaults
 98874 | Vaults:5 | Noticed Saint Roka
 99261 | Vaults:5 | Noticed an ancient lich
 99811 | Vaults:5 | Killed Saint Roka
100199 | Vaults:5 | Killed an ancient lich
100742 | Vaults:5 | Noticed an ancient lich
100888 | Vaults:4 | Killed an ancient lich
101321 | Vaults:5 | Found Rucasic's Antique Weapon Shop.
101321 | Vaults:5 | Found Atacemar's Jewellery Shop.
101336 | Vaults:5 | Found Ozonod's Distillery.
101585 | Vaults:5 | Reached skill level 10 in Dodging
102200 | Vaults:5 | Noticed Bai Suzhen
102204 | Vaults:5 | Killed Bai Suzhen
102341 | Vaults:5 | Reached skill level 22 in Earth Magic
102416 | Vaults:5 | Found Ylli's Distillery.
102525 | Vaults:5 | Found Medwekh's Distillery.
102649 | Vaults:5 | Got the Thoughts on Evil Fire
103072 | Vaults:5 | Found Vabevuur's Jewellery Boutique.
103160 | Vaults:5 | Found Ahaimag's Armour Boutique.
103169 | Vaults:5 | Got a silver rune of Zot
103625 | Zot:1    | Entered Level 1 of the Realm of Zot
105623 | Elf:1    | Bought a scroll of blinking for 232 gold pieces
105623 | Elf:1    | Bought a scroll of teleportation for 93 gold pieces
106126 | Vaults:4 | Bought a scroll of teleportation for 144 gold pieces
106126 | Vaults:4 | Bought a scroll of immolation for 192 gold pieces
106171 | Vaults:5 | Bought a potion of haste for 100 gold pieces
106171 | Vaults:5 | Bought a potion of heal wounds for 50 gold pieces
106227 | Vaults:5 | Bought a potion of haste for 220 gold pieces
107167 | Zot:2    | Noticed a Killer Klown
107180 | Zot:2    | Killed a Killer Klown
108453 | Elf:1    | Bought a potion of mutation for 248 gold pieces
109190 | Vaults:5 | Bought a potion of mutation for 80 gold pieces
109235 | Vaults:4 | Bought a potion of mutation for 384 gold pieces
110778 | Zot:3    | Noticed Grunn
111637 | Zot:3    | Killed Grunn
112233 | Zot:4    | Noticed a Killer Klown
112237 | Zot:4    | Killed a Killer Klown
112729 | Zot:4    | Reached skill level 23 in Earth Magic
113706 | Zot:5    | Entered Level 5 of the Realm of Zot
115217 | Zot:5    | Noticed a Killer Klown
115230 | Zot:5    | Killed a Killer Klown
115288 | Zot:5    | Noticed a dread lich
115294 | Zot:5    | Killed a dread lich
115331 | Zot:5    | Reached skill level 15 in Shields
115444 | Zot:5    | Noticed an ancient lich
115446 | Zot:5    | Noticed an orb of fire
115449 | Zot:5    | Killed an ancient lich
115450 | Zot:5    | Noticed an orb of fire
115453 | Zot:5    | Gained mutation: Your body sometimes deteriorates upon
                  | taking damage. [an orb of fire]
115455 | Zot:5    | Killed an orb of fire
115615 | Zot:5    | Lost mutation: You are clumsy. (Dex -2) [potion of
                  | mutation]
115615 | Zot:5    | Lost mutation: You are dopey. (Int -2) [potion of mutation]
115615 | Zot:5    | Lost mutation: You are weak. (Str -2) [potion of mutation]
115615 | Zot:5    | Gained mutation: You have large cloven feet. [potion of
                  | mutation]
115678 | Zot:5    | Noticed an ancient lich
115686 | Zot:5    | Killed an ancient lich
115875 | Zot:5    | Gained mutation: Your body often deteriorates upon taking
                  | damage. [an orb of fire]
115877 | Zot:5    | Killed an orb of fire
116037 | Zot:5    | Noticed an ancient lich
116041 | Zot:5    | Killed an ancient lich
116151 | Zot:5    | Noticed a dread lich
116151 | Zot:5    | Noticed a dread lich
116151 | Zot:5    | Noticed a dread lich
116151 | Zot:5    | Noticed a Killer Klown
116158 | Zot:5    | Noticed a Killer Klown
116434 | Zot:5    | Killed a dread lich
116441 | Zot:5    | Killed a Killer Klown
116863 | Zot:5    | Killed a Killer Klown
116886 | Zot:5    | Killed a dread lich
117239 | Zot:5    | Killed a dread lich
117371 | Zot:5    | Noticed an orb of fire
117401 | Zot:5    | Killed an orb of fire
117667 | Zot:5    | Got the Orb of Zot
118342 | D:3      | Noticed Heshiar the pandemonium lord
118510 | D:$      | Escaped with the Orb!

Illustrated notes

Levels and vault maps discovered:
D:1:      scummos_arrival_simple_crosswalls, layout_basic,
          ebering_ecumenical_altar_rust, nrook_mini_vaults
D:2:      layout_basic
D:3:      layout_loops_corners, grunt_temple_overflow_opulence,
          nicolae_kite_square_tiling_tiny, guppyfry_early_orc_mine
D:4:      layout_basic, serial_shops, nicolae_take_the_stairs
D:5:      layout_loops_ring, lemuel_crystal_altar, minmay_chambers_of_fives
D:6:      layout_cave_pools, minmay_temple_entry_glass, minmay_fire_ice_demons,
          uniq_maggie
D:7:      layout_basic, lemuel_crystal_altar, mainiacjoe_overflow_brackets,
          serial_shops, nicolae_shop_window_shopping, nicolae_shop_trees,
          serial_glass, glass_columns_a, glass_columns_a,
          kennysheep_generic_room_13
D:8:      layout_basic, nicolae_uskayaw_suspiria, erik_lair_dragon,
          fountainhead, uniq_joseph, uniq_prince_ribbit1
D:9:      layout_small_grid
D:10:     layout_rooms
D:11:     layout_grid_maze, orc_0_dummy, serial_shops, shop
D:12:     layout_loops_ring, minmay_guarded_unrand_curses
D:13:     layout_basic, nicolae_trove_entry_diagonal, minivault_27
D:14:     layout_irregular_city, david_vaults_1, serial_shops,
          nicolae_shop_competitors_out_of_business
D:15:     grunt_enter_depths_giant_problem, layout_loops_corners,
          skrybe_limestone_x, nrook_guardian_serpent_ordinary, uniq_rupert,
          uniq_kirke
Temple:   compressed_dpeg_triangle_lava_temple
Lair:1:   layout_misc_corridors, dreamdust_wasp_nest, lemuel_fruit_tree
Lair:2:   layout_concentric_octagons, nicolae_swamp_entry_splash_gauntlet,
          hellmonk_spider_entry_life_and_decay,
          grunt_forest_small_clearing_treed
Lair:3:   beast_lair_carwin_large_4, layout_cellular_growth, enter_volcano_4
Lair:4:   regret_index_tunnel_blossom, layout_loops_ring, nzn_sisyphean_effort,
          serial_bayou_shore_b
Lair:5:   minmay_lair_end_frog_pond, layout_gridlike, slime_entry_1
Swamp:1:  nicolae_swamp_wrong_neighborhood, layout_basic_swamp,
          evilmike_swamp_ruin_house_2, nicolae_swamp_little_swirl,
          infiniplex_staircase_pool
Swamp:2:  nicolae_swamp_secret_spriggan_hideout, layout_falls_marsh,
          hangedman_swamp_ruin_wall
Swamp:3:  layout_basic_swamp, evilmike_swamp_ruin_house_1, swamp_pool1
Swamp:4:  swamp_alternative, layout_basic_swamp, swamp_pool2,
          nicolae_swamp_wisp_ring_woods
Spider:1: layout_chambers, nicolae_spider_altar_of_dancing
Spider:2: layout_spider_delve
Spider:3: layout_spider_delve
Spider:4: grunt_spider_rune_circles
Orc:1:    nicolae_orc_accident_3, layout_diamond_mine, nicolae_shop_firing_range
Orc:2:    grunt_orc_community_town_hall, layout_caves,
          grunt_orc_community_big_house_1, grunt_orc_community_big_house_1,
          grunt_orc_community_house_1, grunt_orc_community_house_3,
          grunt_orc_community_house_2, grunt_orc_community_house_1,
          grunt_orc_community_house_3, grunt_orc_community_house_1, basic_altar
Elf:1:    eino_elf_arrival_customs, layout_loops_cross, serial_shops,
          nicolae_shop_trees, evilmike_minifort, minivault_11,
          hangedman_elf_disciples, lemuel_upstairs_altar, uniq_nikola
Elf:2:    nicolae_elf_blades_crystal_corner, layout_geoelf_octagon
Elf:3:    minmay_elf_hall, layout_rooms, serial_shops, nicolae_shop_waterfront,
          uniq_asterion, uniq_louise
Vaults:1: mu_enter_wizlab_4, grunt_vaults_swirl, v_misc_32,
          ontoclasm_vaults_shout, nicolae_vaults_network_quincunx
          [nicolae_vaults_network_quincunx_subvault,
          nicolae_vaults_network_quincunx_subvault,
          nicolae_vaults_network_quincunx_subvault,
          nicolae_vaults_network_quincunx_subvault,
          nicolae_vaults_network_quincunx_subvault], nicolae_vaults_rhombus_6,
          v_misc_1, v_misc_2, vaults_mumra_hex, ontoclasm_vaults_ring_small,
          layout_vaults_omnigrid, serial_shops, nicolae_diamond_shop
Vaults:2: minmay_crypt_entry_simple_round, vaults_room_ringed_pool,
          nicolae_vaults_little_ls, nicolae_vaults_yaktaur_gun_rack, v_misc_30,
          vaults_dpeg_hooks, v_misc_18, ontoclasm_vaults_decontamination,
          layout_vaults_omnibox, serial_shops, shop
Vaults:3: ontoclasm_vaults_spin, st_greater_box_2, vaults_room_fours,
          vaults_room_grid, v_pattern_5, nicolae_vaults_what_the_h,
          grunt_vaults_hallway_short, layout_vaults_chaotic_city
Vaults:4: vaults_room_large_hall, v_misc_26, ontoclasm_vaults_ligature,
          v_misc_29, ontoclasm_vaults_shuriken, vaults_room_corners,
          nicolae_vaults_little_squares_3, nicolae_vaults_little_squares_4,
          vaults_room_grid, vaults_room_boxed, vaults_room_mumra_shop_pool,
          grunt_vaults_funnel, vaults_dpeg_spiral, layout_vaults_maze_snakey,
          serial_shops, shop_statue
Vaults:5: serial_shops, uniq_saint_roka, uniq_bai_suzhen
Crypt:1:  layout_gridlike, uniq_aizul
Crypt:2:  layout_gridlike, st_stairs_3, hex_large, palyth_stone_intersect
Crypt:3:  david_glass_crypt, layout_misc_corridors,
          nicolae_tomb_entry_unfolded_pyramid_orthogonal,
          gammafunk_ghost_mausoleum, st_stairs_4
Tomb:1
Depths:1: hellmonk_paralyzer, layout_cave_pools, abyss_entry_small_statue_room,
          hangedman_decor_riveting, serial_shops, nicolae_shop_hallway_plus,
          hangedman_geh_valley, nicolae_qazlal_style_of_elements
Depths:2: minmay_heptahexagon, layout_cave_shapes, kennysheep_nondescript,
          pf_coc_iceberg, rand_demon_pan_entry_4, door_vault,
          infiniplex_staircase_pool_2, serial_bayou_shore_b, uniq_sojobo
Depths:3: cheibrodos_cascadia, layout_gridlike, hellmouth_1,
          nicolae_abyss_entry_one_way_or_another,
          nicolae_elyvilon_peaceful_grove, serial_glass, glass_columns_c,
          glass_columns_c, item_on_display_a, feat_on_display,
          due_unseen_surprise, item_on_display_a, rand_demon_pan_entry_3,
          hangedman_decor_push, hangedman_decor_lopped,
          infiniplex_staircase_trident
Depths:4: grunt_twist_and_shout, layout_gridlike, enter_ziggurat_e,
          serial_shops, bzr_entry_gold, abyss_entry, fedhas_altar_fruit_tree,
          gammafunk_ghost_cemetery, grunt_hell_entry_dis_grunt,
          lemuel_flamethrower_2
Zot:1:    layout_basic
Zot:2:    nicolae_moth_party, layout_onion_interference
Zot:3:    layout_basic, lemuel_elevator, uniq_grunn
Zot:4:    layout_cathedral_of_symmetry, grunt_megastairs_1
Zot:5:    layout_twisted_circle

Skill      XL: |  1  2  3  4  5  6  7  8  9 10 11 12 13 14 15 16 17 18 19 20 21 22 23 24 25 26 27 |
---------------+----------------------------------------------------------------------------------+-----
Fighting       | 1 2 3 4 6 8 9 10 11 12 13 14 15 16 17 18 20 | 20.4
Armour         | 1 2 3 4 5 6 7 8 9 10 11 12 14 | 14.8
Evocations     | 1 3 4 5 |  5.0
Throwing       | 1 2 |  2.0
Dodging        | 3 5 7 8 10 | 10.0
Spellcasting   | 3 4 5 6 7 8 9 10 11 12 13 14 15 16 17 20 | 20.3
Conjurations   | 6 7 8 9 10 11 12 13 14 15 16 17 18 19 20 | 20.9
Polearms       | 2 4 5 6 |  6.0
Earth Magic    | 2 4 5 6 7 8 9 10 11 12 14 15 16 18 19 20 21 23 | 23.9
Shields        | 3 4 6 7 9 10 11 12 15 | 15.5
Maces & Flails | 2 4 6 7 |  7.0
Transmutations | 1 |  1.0
Air Magic      | 3 5 6 7 8 |  8.0
Fire Magic     | 2 4 6 |  6.0
Ice Magic      | 2 3 5 |  5.0
Short Blades   | 3 |  3.0
Long Blades    | 3 4 6 |  6.6
Stealth        | |  2.0

Action                     |  1- 3 |  4- 6 |  7- 9 | 10-12 | 13-15 | 16-18 | 19-21 | 22-24 | 25-27 || total
---------------------------+-------+-------+-------+-------+-------+-------+-------+-------+-------++-------
  Melee: Unarmed           |    13 |       |       |       |       |       |       |       |       ||    13
         Short sword       |    20 |     9 |       |       |       |       |    18 |       |       ||    47
         Trident           |       |       |     5 |    43 |   101 |    15 |     6 |       |       ||   170
         Spear             |       |       |       |       |     2 |    14 |       |       |       ||    16
         Falchion          |       |       |       |       |       |       |    38 |   141 |    37 ||   216
  Throw: Dart              |       |     4 |    11 |    11 |       |     4 |       |       |     2 ||    32
         Boomerang         |       |       |    10 |       |       |       |       |       |       ||    10
         Throwing net      |       |       |       |       |       |       |     2 |       |       ||     2
   Cast: Magic Dart        |    58 |   136 |    74 |   122 |   286 |   122 |   198 |    89 |   230 ||  1315
         Searing Ray       |     2 |    10 |    48 |    93 |    20 |     9 |     1 |    18 |     6 ||   207
         Stone Arrow       |       |       |       |   112 |   718 |   853 |   401 |    97 |    43 ||  2224
         Arcjolt           |       |       |       |       |    11 |    21 |    16 |    11 |     7 ||    66
         Freezing Cloud    |       |       |       |       |       |    28 |    16 |    21 |    30 ||    95
         Lee's Rapid Decon |       |       |       |       |       |     2 |       |       |     1 ||     3
         Iron Shot         |       |       |       |       |       |       |   647 |   827 |  1384 ||  2858
         Fireball          |       |       |       |       |       |       |     4 |     4 |     1 ||     9
         Flame Wave        |       |       |       |       |       |       |     2 |       |     6 ||     8
         Lehudib's Crystal |       |       |       |       |       |       |       |       |   142 ||   142
Ability: Evoke Blink       |       |       |       |       |       |     1 |       |       |       ||     1
  Evoke: Wand              |       |       |     2 |       |     4 |     6 |     6 |    11 |    15 ||    44
         Phantom mirror    |       |       |       |       |       |     1 |       |       |     2 ||     3
         Lightning rod     |       |       |       |       |       |       |     3 |     4 |     8 ||    15
         Condenser vane    |       |       |       |       |       |       |       |       |     1 ||     1
    Use: Scroll            |       |     7 |       |    13 |    16 |     7 |    14 |     6 |    27 ||    90
         Potion            |       |       |       |     1 |       |     4 |    12 |     8 |     9 ||    34
   Stab: Sleeping          |       |       |       |     1 |       |       |       |       |       ||     1
         Paralysed         |       |       |       |       |       |       |     4 |     2 |       ||     6
 Armour: Robe              |    12 |     9 |     5 |       |       |       |       |       |       ||    26
         Acid dragon scale |       |       |     4 |    48 |       |       |   136 |   201 |   347 ||   736
         Ring mail         |       |       |       |    30 |   191 |   158 |   152 |       |       ||   531
  Dodge: Dodged            |    31 |    16 |    25 |    94 |   137 |   120 |   206 |   158 |   286 ||  1073
  Block: Other             |       |     2 |     8 |     2 |       |       |       |       |       ||    12
         Reflection        |       |     1 |     3 |     5 |    14 |    70 |    15 |    24 |    62 ||   194
         Buckler           |       |       |       |   133 |   239 |   118 |       |       |       ||   490
         Kite shield       |       |       |       |       |       |   134 |   442 |   423 |   604 ||  1603

Table legend: (Time is in decaauts)
 A = Elapsed time spent in this place.
 B = Non-inter-level travel time spent in this place.
 C = Inter-level travel time spent in this place.
 D = Time resting spent in this place.
 E = Time spent auto-exploring this place.
 F = Levels seen in this place.
 G = Mean time per level.
                   A        B        C        D        E       F      G
               +--------+--------+--------+--------+--------+-----+--------+
         Total | 118909 | 106998 |  11911 |  36021 |  53127 |  56 | 2123.4 |
       Dungeon |  27595 |  23291 |   4304 |   4132 |  16096 |  15 | 1839.7 |
        Temple |    103 |     93 |     10 |      0 |     78 |   1 |  103.0 |
          Lair |  13342 |  12473 |    869 |   3085 |   7230 |   5 | 2668.4 |
         Swamp |   7015 |   6848 |    167 |   2819 |   3189 |   4 | 1753.8 |
   Spider Nest |   8011 |   7636 |    375 |   2542 |   3953 |   4 | 2002.8 |
  Orcish Mines |   3876 |   3067 |    809 |    672 |   1901 |   2 | 1938.0 |
   Elven Halls |   8151 |   7109 |   1042 |   3054 |   2526 |   3 | 2717.0 |
        Vaults |  15894 |  14012 |   1882 |   5327 |   6499 |   5 | 3178.8 |
         Crypt |   6353 |   5807 |    546 |   2088 |   2700 |   3 | 2117.7 |
          Tomb |   1899 |   1479 |    420 |    885 |     89 |   1 | 1899.0 |
        Depths |  13207 |  12078 |   1129 |   5576 |   4273 |   4 | 3301.8 |
           Zot |  10657 |  10303 |    354 |   4313 |   4222 |   5 | 2131.4 |
        Bazaar |    136 |    136 |      0 |      0 |     71 |   1 |  136.0 |
         Trove |     31 |     31 |      0 |      0 |      0 |   1 |   31.0 |
       Volcano |   1115 |   1115 |      0 |    574 |    186 |   1 | 1115.0 |
        Wizlab |   1515 |   1515 |      0 |    953 |    112 |   1 | 1515.0 |
               +--------+--------+--------+--------+--------+-----+--------+

Top non-repeatable levels by time:
Vaults:4: 4787 daAuts
Depths:3: 4160 daAuts
  Lair:4: 4103 daAuts
Depths:2: 3765 daAuts
   Zot:5: 3643 daAuts
Vaults:3: 3619 daAuts
   Elf:2: 3469 daAuts
Spider:4: 3325 daAuts
Vaults:1: 3045 daAuts
   Elf:1: 3006 daAuts
    D:15: 2831 daAuts
  Lair:2: 2825 daAuts
    D:14: 2763 daAuts
Depths:1: 2753 daAuts
     D:8: 2616 daAuts
